 Dungeon Crawl Stone Soup version 0.19.3-1-g3169bf9 (webtiles) character file.

3875 Alarkh the Cleaver (level 10, 62/77 HPs)
             Began as a Demonspawn Monk on Jan 26, 2017.
             Was an Elder of Okawaru.
             Quit the game on level 9 of the Dungeon.
             The game lasted 00:13:12 (9655 turns).

Alarkh the Cleaver (Demonspawn Monk)                Turns: 9655, Time: 00:13:12

Health: 62/77      AC:  7    Str: 12    XL:     10   Next: 0%
Magic:  3/3        EV: 16    Int: 17    God:    Okawaru [****..]
Gold:   542        SH:  0    Dex: 16    Spells: 0 memorised, 9 levels left

rFire  . . .     SeeInvis .     a - +12 mace "Iweif" {antimagic, Int+3}
rCold  . . .     Gourm    .     s - +0 robe {MR+}
rNeg   . . .     Faith    .     (no shield)
rPois  .         Spirit   .     d - +0 helmet
rElec  .         Reflect  .     t - +0 cloak
rCorr  .         Harm     .     (no gloves)
MR     +....                    E - +0 pair of boots
Stlth  ++........               (no amulet)
                                (no ring)
                                (no ring)

@: no status effects
A: iridescent scales 1, foul stench 2, powered by pain 1, rot immunity
a: Heroism, Renounce Religion


You were on level 9 of the Dungeon.
You worshipped Okawaru.
Okawaru was greatly pleased with you.
You were hungry.

You visited 2 branches of the dungeon, and saw 10 of its levels.
You also visited: Sewer.

You collected 542 gold pieces.

Inventory:

Hand Weapons
 a - the +12 mace "Iweif" (weapon) {antimagic, Int+3}
   (You found it on level 4 of the Dungeon)

   It reduces the magical energy of the wielder, and disrupts the spells and
   magical abilities of those hit.
   Natural abilities and divine invocations are not affected.
   It affects your intelligence (+3).
 y - a +1 hand axe
Armour
 d - a +0 helmet (worn)
 s - a +0 robe of magic resistance (worn)
 t - a +0 cloak (worn)
 E - a +0 pair of boots (worn)
Jewellery
 j - an uncursed ring of fire
Wands
 f - a wand of hasting (4/9)
 r - a wand of lightning (1/15)
 A - a wand of iceblast (6/15)
 B - a wand of flame (17/48)
 C - a wand of polymorph (10/24)
Scrolls
 e - a scroll of identify
 g - 4 scrolls of blinking
 h - 2 scrolls of enchant weapon
 k - 2 scrolls of noise {unknown}
 l - 2 scrolls of random uselessness {unknown}
 m - 2 scrolls of fear
 n - 2 scrolls of teleportation
 q - a scroll of immolation {unknown}
 v - a scroll of magic mapping
 H - a scroll of recharging {unknown}
Potions
 o - 3 potions of curing
 p - 2 potions of haste
 u - 2 potions of magic
 w - a potion of brilliance
 x - 4 potions of lignification
 D - 2 potions of might
 F - a potion of mutation
Comestibles
 b - 8 chunks of flesh
 c - 6 bread rations
 i - 4 fruits
 z - a meat ration
 G - 2 beef jerkies


   Skills:
 + Level 6.9 Fighting
 * Level 11.0 Axes
 + Level 5.8 Dodging
 - Level 1.7 Stealth


You had 9 spell levels left.
You didn't know any spells.

Dungeon Overview and Level Annotations

Branches:
Dungeon (9/15)             Temple (1/1) D:6
   Lair: D:8-11         Orc: D:9-12

Altars:
Ashenzari
Cheibriados
Dithmenos
Elyvilon
Fedhas
Gozag
Hepliaklqana
Kikubaaqudgha
Makhleb
Nemelex Xobeh
Okawaru
Qazlal
Ru
Sif Muna
Trog
Uskayaw
Vehumet
Xom
Yredelemnul
Zin
The Shining One


Innate Abilities, Weirdness & Mutations

You are partially covered in iridescent scales. (AC +2)
You frequently emit foul miasma when damaged in melee.
You sometimes gain a little power by taking damage.
You are immune to rotting.


Message History

The hungry ghost is heavily damaged.
The hungry ghost barely misses you.
You hit the hungry ghost.
The hungry ghost is severely damaged.
The hungry ghost completely misses you.
You sock the hungry ghost!
The hungry ghost is almost destroyed.
The hungry ghost barely misses you.
You bludgeon the hungry ghost!!
You destroy the hungry ghost!
Okawaru accepts your kill.
Your Axes skill increases to level 11!
You have reached level 10!
Your demonic ancestry asserts itself...
You feel energised by your suffering.
Eat one of 9 chunks of flesh? (ye/n/q)
You start eating one of the 9 chunks of flesh.
This raw flesh tastes terrible.
You are feeling hungry.
Are you sure you want to abandon this character and quit the game? (Confirm with "yes".)

#...# ...#
#..# ###$!#
..?.#
####<.#####.#
#...........##
#..@.......
#.######.##
##.##
.#..#...##
#.......<.#
........#.#
#...........
..#...........
#
##.##..######


There were no monsters in sight!

Vanquished Creatures
  A hippogriff (D:8)
  A hungry ghost (D:9)
  2 orc warriors (D:8)
  A black bear (D:6)
  3 ice beasts
  2 phantoms
  4 ogres
  A sky beast (D:6)
  2 centaurs (D:6)
  Blork the orc (D:4)
  4 bullfrogs
  A big kobold (D:6)
  A gnoll sergeant (D:6)
  3 scorpions
  3 wights (D:8)
  4 crimson imps
  2 bullfrog zombies
  A jelly (D:5)
  A quasit (D:8)
  2 bullfrog skeletons (D:7)
  3 gnoll shamans (D:6)
  3 orc priests
  4 hounds
  8 orc wizards
  3 centaur skeletons
  Natasha (thrice) (D:4)
  An iguana (D:7)
  5 worker ants
  A killer bee zombie (D:8)
  A hound skeleton (D:6)
  Robin (D:2)
  5 gnolls (D:6)
  13 adders
  2 shadow imps
  2 adder skeletons
  A worm (D:4)
  6 dart slugs
  9 leopard geckos
  15 orcs
  5 ball pythons
  9 giant cockroaches
  11 goblins
  24 hobgoblins
  18 jackals
  4 quokkas
  7 bats
  10 frilled lizards
  16 kobolds
  A leopard gecko skeleton (D:8)
  12 rats
  11 plants
254 creatures vanquished.

Notes
Turn   | Place    | Note
-------+----------+-------------------------------------------
     0 | D:1      | Alarkh the Demonspawn Monk began the quest for the Orb.
     0 | D:1      | Reached XP level 1. HP: 18/18 MP: 1/1
   223 | D:1      | Reached skill level 3 in Axes
   312 | D:1      | Gained mutation: You are partially covered in iridescent scales. (AC +2) [demonic ancestry]
   312 | D:1      | Reached XP level 2. HP: 18/24 MP: 2/2
   902 | D:1      | Reached XP level 3. HP: 27/29 MP: 3/3
  1289 | D:2      | Reached skill level 4 in Axes
  1837 | D:2      | Noticed Robin
  1863 | D:2      | Killed Robin
  1863 | D:2      | Gained mutation: You are immune to rotting. [demonic ancestry]
  1863 | D:2      | Reached XP level 4. HP: 4/35 MP: 4/4
  2224 | D:2      | Found a white marble altar of Elyvilon.
  2942 | D:3      | Reached skill level 5 in Axes
  3233 | D:3      | Gained mutation: You may emit foul miasma when damaged in melee. [demonic ancestry]
  3233 | D:3      | Reached XP level 5. HP: 37/41 MP: 5/5
  3291 | D:3      | HP: 2/41 [orc wizard/dagger (5)]
  3517 | D:4      | Found a glowing drain.
  3555 | Sewer    | Entered a sewer
  4353 | Sewer    | Reached skill level 6 in Axes
  4984 | D:4      | Reached XP level 6. HP: 43/47 MP: 6/6
  5064 | D:4      | Got a scorched mace
  5065 | D:4      | Identified the +12 mace "Iweif" {antimagic, Int+3} (You found it on level 4 of the Dungeon)
  5141 | D:4      | Noticed Natasha
  5149 | D:4      | Killed Natasha
  5407 | D:4      | Found an opulent altar of Gozag.
  5539 | D:4      | Noticed Blork the orc
  5558 | D:4      | Killed Blork the orc
  5558 | D:4      | Reached skill level 7 in Axes
  5577 | D:4      | Gained mutation: You frequently emit foul miasma when damaged in melee. [demonic ancestry]
  5577 | D:4      | Reached XP level 7. HP: 30/52 MP: 2/7
  5633 | D:4      | Noticed Natasha
  5707 | D:4      | Killed Natasha
  5867 | D:4      | Found an opulent altar of Gozag.
  5966 | D:4      | Noticed Natasha
  5976 | D:4      | Killed Natasha
  6221 | D:5      | Entered Level 5 of the Dungeon
  6235 | D:5      | Reached skill level 8 in Axes
  6545 | D:5      | Reached XP level 8. HP: 50/60 MP: 2/8
  6928 | D:6      | Found a staircase to the Ecumenical Temple.
  6959 | Temple   | Entered the Ecumenical Temple
  7309 | Temple   | Became a worshipper of Warmaster Okawaru
  7309 | Temple   | Reached * piety under Okawaru
  7309 | Temple   | Reached ** piety under Okawaru
  7432 | D:6      | Reached skill level 9 in Axes
  7537 | D:6      | Reached skill level 5 in Fighting
  7719 | D:6      | Reached XP level 9. HP: 68/68 MP: 3/9
  7875 | D:6      | Reached *** piety under Okawaru
  7894 | D:6      | Reached skill level 10 in Axes
  7894 | D:6      | Reached skill level 5 in Dodging
  9430 | D:8      | Reached **** piety under Okawaru
  9653 | D:9      | Reached skill level 11 in Axes
  9653 | D:9      | Gained mutation: You sometimes gain a little power by taking damage. [demonic ancestry]
  9653 | D:9      | Reached XP level 10. HP: 62/77 MP: 3/10
  9655 | D:9      | Quit the game

Skill      XL: |  1  2  3  4  5  6  7  8  9 |
---------------+----------------------------+-----
Axes           | 3 4 5 6 7 8 9 11 | 11.0
Dodging        | 3 4 5 |  5.8
Fighting       | 5 6 |  6.9
Stealth        | |  1.7

Action                   |  1- 3 |  4- 6 |  7- 9 | 10-12 || total
-------------------------+-------+-------+-------+-------++-------
Melee: Hand axe          |   126 |   840 |       |       ||   966
       Mace              |       |    29 |   338 |       ||   367
       Punch             |       |       |     1 |       ||     1
Invok: Heroism           |       |       |     1 |       ||     1
  Use: Potion            |     5 |     3 |     2 |       ||    10
       Scroll            |       |     4 |    11 |       ||    15
 Stab: Sleeping          |     4 |     5 |     7 |       ||    16
  Eat: Chunk             |     3 |     9 |    13 |     1 ||    26
       Bread ration      |       |     1 |       |       ||     1
       Beef jerky        |       |     1 |       |       ||     1
Armor: Robe              |    31 |    92 |    79 |       ||   202
Dodge: Dodged            |    89 |   224 |   239 |       ||   552
